 Dungeon Crawl Stone Soup version 0.21-a0-265-gb353147 (webtiles) character file.

1477 tidbits the Insei (level 8, 0/63 HPs)
             Began as a Demigod Transmuter on Sept 10, 2017.
             Succumbed to a worker ant's poison
             ... on level 7 of the Dungeon.
             The game lasted 00:27:08 (2219 turns).

tidbits the Insei (Demigod Transmuter)              Turns: 2219, Time: 00:27:08

Health: 0/63       AC:  2    Str: 13    XL:     8   Next: 25%
Magic:  13/14      EV: 23    Int: 21    God:
Gold:   217        SH:  0    Dex: 21    Spells: 0/11 levels left

rFire    . . .     SeeInvis .     - Unarmed
rCold    . . .     Gourm    .   (shield currently unavailable)
rNeg     . . .     Faith    .   (armour currently unavailable)
rPois    x         Spirit   .   (helmet currently unavailable)
rElec    .         Reflect  .   (cloak currently unavailable)
rCorr    .         Harm     .   (gloves currently unavailable)
MR       +....                  (boots currently unavailable)
Stlth    ++........             (no amulet)
HPRegen  0.20/turn              W - ring of wizardry
MPRegen  0.14/turn              H - ring of protection from magic

@: lethally poisoned (0 -> -2), spider-form
A: high mp 1
a: End Transformation


You were on level 7 of the Dungeon.
You were not hungry.
You were a venomous arachnid creature.
You visited 1 branch of the dungeon, and saw 8 of its levels.

You collected 217 gold pieces.

Inventory:

Missiles
 a - 117 arrows
 e - 14 stones (quivered)
 g - 26 sling bullets
 p - 4 curare-tipped needles
Armour
 b - a +0 robe (melded)
Jewellery
 H - a ring of protection from magic (right front leg)
   (You found it on level 6 of the Dungeon)
 P - an uncursed ring of poison resistance
   (You found it on level 6 of the Dungeon)
 W - a ring of wizardry (left front leg)
   (You found it on level 4 of the Dungeon)
Scrolls
 h - a scroll of immolation
 i - a scroll of identify
 k - a scroll of enchant weapon {unknown}
 m - a scroll of random uselessness {unknown}
 o - a scroll of blinking {unknown}
 q - 2 scrolls of teleportation
 r - 2 scrolls of remove curse
Potions
 n - 3 potions of flight
 s - 2 potions of agility
Books
 c - a book of Changes

   Spells                             Type                      Level
   a - Beastly Appendage              Transmutation                1
   b - Sticks to Snakes               Transmutation                2
   c - Spider Form                    Transmutation/Poison         3
   d - Ice Form                       Ice/Transmutation            4
   e - Blade Hands                    Transmutation                5
Comestibles
 d - 2 bread rations
 f - 2 fruits
 j - a meat ration
 l - 2 chunks of flesh


   Skills:
 + Level 3.4 Fighting
 + Level 3.9 Dodging
 - Level 6.3 Unarmed Combat
 - Level 2.0 Spellcasting
 - Level 6.0 Transmutations


You couldn't memorise any spells.
You knew the following spells:

 Your Spells              Type           Power        Failure   Level  Hunger
e - Beastly Appendage     Tmut           ####..       2%          1    #......
h - Blade Hands           Tmut           ####......   26%         5    ######.
k - Sticks to Snakes      Tmut           ####....     3%          2    ##.....
p - Spider Form           Tmut/Pois      ##........   12%         3    ###....


Dungeon Overview and Level Annotations

Branches:
Dungeon (8/15)             Temple (0/1) D:4            Lair (0/6) D:8

Annotations:
D:3 roguesci's ghost, amateur NaTm


Innate Abilities, Weirdness & Mutations

You have an increased reservoir of magic. (+10% MP)


Message History

r - Retreat! s - Stop attacking. g - Guard the area. f - Follow me.
Anything else - Cancel.
You shout for attention!
You hit the hell hound.
The hell hound is lightly wounded.
The hell hound bites you!
You slice the hell hound!!
The hell hound is severely wounded.
The hell hound misses you. x2
You barely miss the hell hound.
The hell hound is severely wounded.
The hell hound breathes flames at you. The blast of flame hits you!
* * * LOW HITPOINT WARNING * * *
You closely miss the hell hound.
The hell hound is severely wounded.
The hell hound bites you.
* * * LOW HITPOINT WARNING * * *
You closely miss the hell hound.
The hell hound is severely wounded.
Your transformation is almost over.
The hell hound barely misses you.
You hit the hell hound.
The hell hound is almost dead.
The hell hound bites you!
* * * LOW HITPOINT WARNING * * *
The hell hound misses you.
You closely miss the hell hound.
The hell hound is almost dead.
The hell hound misses you.
You feel much better. The hell hound breathes flames at you.
The blast of flame hits you!
* * * LOW HITPOINT WARNING * * *
The hell hound bites you but does no damage.
You slash the hell hound!
You kill the hell hound!
Your Fighting skill increases to level 3!
Eat one of 3 chunks of flesh? (ye/n/q)
You eat one of the 3 chunks of flesh.
This raw flesh tastes terrible.
Your hands revert to their normal proportions.
An orc comes into view. It is wielding a war axe.
The orc moves out of view.
An orc warrior comes into view. It is wielding a long sword.
Items here: ))) ÷÷ a dagger of speed; a war axe of chopping; a flail; an orc skeleton x2
There is a stone staircase leading up here.
You climb upwards.
There is a stone staircase leading down here.
A worker ant comes into view.
The worker ant twitches its antennae in your direction.
Casting: Blade Hands
Confirm with . or Enter, or press ? or * to list all spells.
You turn into a venomous arachnid creature.
Your +0 robe melds into your body.
You hit the worker ant.
The worker ant is moderately wounded.
The worker ant barely misses you.
You bite the worker ant!
The worker ant is poisoned.
The worker ant is severely wounded.
The worker ant bites you!
* * * LOW HITPOINT WARNING * * *
You are poisoned.
The worker ant poisons you!
You barely miss the worker ant.
The worker ant is almost dead.
You feel sick. The worker ant completely misses you.
You bite the worker ant!
You kill the worker ant!
You feel sick.
A bullfrog comes into view.
You feel sick.
The bullfrog gives a loud, deep croak!
Found an escape hatch in the ceiling.
Found a pair of gloves.
You feel sick. The bullfrog completely misses you.
You barely miss the bullfrog. The bullfrog misses you.
You completely miss the bullfrog.
You feel sick. The bullfrog completely misses you.
You hit the bullfrog.
The bullfrog is poisoned.
The bullfrog is moderately wounded.
The bullfrog completely misses you.
You closely miss the bullfrog.
The bullfrog is moderately wounded.
You feel sick. The bullfrog hits you!
* * * LOW HITPOINT WARNING * * *
The bullfrog barely misses you.
You barely miss the bullfrog.
The bullfrog is moderately wounded.
The bullfrog misses you.
You hit the bullfrog.
The bullfrog looks as sick as possible!
The bullfrog is heavily wounded.
The bullfrog hits you.
* * * LOW HITPOINT WARNING * * *
The bullfrog hits you!
* * * LOW HITPOINT WARNING * * *
You bite the bullfrog!
You kill the bullfrog!
You die...

..# ###..#
<.[.. #.#.#
#.#.# # #... .#
#.... #.†# .##
...## #.s##..#
....#####.....#
...........#.##
##
#...#######.##
#. #.. ##.###.#
#.# #...#.#
##<## ###.....#
#...# #.......#
#...# #.......#


There were no monsters in sight!

Vanquished Creatures
  2 hell hounds (D:8)
  A sky beast (D:6)
  An ice beast (D:7)
  2 ogres (D:6)
  2 centaurs
  2 bullfrogs
  A howler monkey (D:4)
  3 crimson imps
  2 hounds
  An iguana (D:8)
  3 orc wizards (D:6)
  4 worker ants
  A hound skeleton (D:4)
  2 adders
  An ooze (D:1)
  4 worms
  10 orcs
  A ball python (D:2)
  A giant cockroach (D:2)
  2 hobgoblins (D:1)
  5 jackals
  3 kobolds (D:1)
  A quokka (D:3)
  3 bats
  4 frilled lizards
  3 goblins
  A jackal zombie (D:6)
  2 quokka zombies
  4 rats
72 creatures vanquished.

Vanquished Creatures (collateral kills)
  A phantom (D:5)
  A howler monkey (D:6)
  A centaur skeleton (D:6)
  A worker ant (D:8)
  A leopard gecko (D:2)
  A bat (D:2)
  2 hobgoblins
  A frilled lizard (D:5)
  A kobold (D:2)
  A rat (D:2)
11 creatures vanquished.

Grand Total: 83 creatures vanquished

Notes
Turn   | Place    | Note
-------+----------+-------------------------------------------
     0 | D:1      | tidbits the Demigod Transmuter began the quest for the Orb.
     0 | D:1      | Reached XP level 1. HP: 15/15 MP: 5/5
    52 | D:1      | Reached skill level 2 in Spellcasting
   155 | D:1      | Reached skill level 2 in Transmutations
   203 | D:2      | Reached XP level 2. HP: 14/22 MP: 5/7
   207 | D:2      | Learned a level 2 spell: Sticks to Snakes
   230 | D:2      | Reached skill level 3 in Unarmed Combat
   352 | D:2      | Found a sacrificial altar of Ru.
   431 | D:2      | Reached XP level 3. HP: 18/27 MP: 0/8
   523 | D:2      | Found a white marble altar of Elyvilon.
   562 | D:3      | Learned a level 3 spell: Spider Form
   623 | D:3      | Noticed roguesci's ghost (amateur NaTm)
   661 | D:4      | Reached skill level 3 in Transmutations
   661 | D:4      | Reached XP level 4. HP: 23/34 MP: 4/9
   698 | D:4      | Found a staircase to the Ecumenical Temple.
   857 | D:5      | Entered Level 5 of the Dungeon
   861 | D:5      | Noticed a centaur
   877 | D:5      | Reached skill level 4 in Unarmed Combat
   887 | D:5      | Killed a centaur
   887 | D:5      | Reached XP level 5. HP: 19/39 MP: 6/10
   900 | D:5      | Reached skill level 4 in Transmutations
   918 | D:5      | Found a sparkling altar of Nemelex Xobeh.
   919 | D:5      | Noticed a phantom
   944 | D:5      | Killed a phantom
   944 | D:5      | Reached XP level 6. HP: 19/46 MP: 2/11
  1054 | D:6      | Reached skill level 5 in Unarmed Combat
  1230 | D:6      | Reached skill level 5 in Transmutations
  1271 | D:6      | Reached XP level 7. HP: 23/51 MP: 8/13
  1498 | D:6      | Reached skill level 6 in Unarmed Combat
  1729 | D:7      | Reached skill level 6 in Transmutations
  1770 | D:8      | Reached skill level 1 in Fighting
  1770 | D:8      | Reached skill level 2 in Dodging
  1792 | D:8      | Reached skill level 2 in Fighting
  1975 | D:8      | Found a stormy altar of Qazlal.
  2024 | D:8      | Reached skill level 3 in Dodging
  2024 | D:8      | Reached XP level 8. HP: 35/62 MP: 8/14
  2036 | D:8      | Found a staircase to the Lair.
  2058 | D:8      | Learned a level 5 spell: Blade Hands
  2137 | D:8      | HP: 5/62 [hell hound (10)]
  2140 | D:8      | Reached skill level 3 in Fighting
  2218 | D:7      | HP: 1/63 [bullfrog (7)]
  2219 | D:7      | Succumbed to a worker ant's poison

Vault maps used:
D:1:      dpeg_arrival_orchard
D:2:      nicolae_ru_awakened_eye, gammafunk_temple_overflow_elements,
          elyvilon_altar_4
D:3:      zin_purify, first_bread, uniq_natasha
D:4:      temple_pool_b
D:5:      lemuel_crystal_altar
D:7:      doesnt_xom_only_xom
D:8:      marbit_many_paths, minmay_lair_entry_lava, serial_shops, shop,
          hangedman_ranch, uniq_maurice

Skill      XL: |  1  2  3  4  5  6  7  8 |
---------------+-------------------------+-----
Spellcasting   | 2 |  2.0
Transmutations | 2 3 4 5 6 |  6.0
Unarmed Combat | 3 4 5 6 |  6.3
Fighting       | 2 3 |  3.4
Dodging        | 3 |  3.9

Action                   |  1- 3 |  4- 6 |  7- 9 || total
-------------------------+-------+-------+-------++-------
Melee: Unarmed           |    76 |    68 |   104 ||   248
       Kick              |     5 |       |       ||     5
       Headbutt          |     5 |       |       ||     5
       Punch             |     1 |       |       ||     1
 Cast: Beastly Appendage |    19 |     1 |       ||    20
       Sticks to Snakes  |     7 |     3 |     5 ||    15
       Spider Form       |     3 |    13 |    15 ||    31
       Blade Hands       |       |       |     1 ||     1
  Use: Potion            |     1 |     1 |     1 ||     3
       Scroll            |       |     4 |     2 ||     6
 Stab: Sleeping          |       |     1 |     1 ||     2
       Distracted        |       |     1 |       ||     1
       Invisible         |       |     4 |       ||     4
  Eat: Chunk             |       |     4 |     6 ||    10
Armor: Robe              |     7 |       |     1 ||     8
       Skin              |     1 |     3 |     5 ||     9
Dodge: Dodged            |    50 |    42 |    71 ||   163

Table legend:
 A = Spawn XP
 B = Non-spawn XP
 C = Spawn XP percentage of total XP
 D = Spawn monster count
 E = Non-spawn monster count
 F = Spawn count percentage of total count
 G = Total turns spent on level
                    A         B        C        D         E        F      G
               +---------+---------+-------+---------+---------+-------+---------
         Total |       0 |    2111 |   0.0 |       0 |      83 |   0.0 |  2219
               +---------+---------+-------+---------+---------+-------+---------
           D:1 |       0 |      39 |   0.0 |       0 |      16 |   0.0 |   339
           D:2 |       0 |      30 |   0.0 |       0 |      15 |   0.0 |   262
           D:3 |       0 |      11 |   0.0 |       0 |       4 |   0.0 |   140
           D:4 |       0 |      71 |   0.0 |       0 |       2 |   0.0 |   116
           D:5 |       0 |     305 |   0.0 |       0 |       6 |   0.0 |   185
           D:6 |       0 |     670 |   0.0 |       0 |      18 |   0.0 |   525
           D:7 |       0 |     333 |   0.0 |       0 |       9 |   0.0 |   210
           D:8 |       0 |     652 |   0.0 |       0 |      13 |   0.0 |   442
               +---------+---------+-------+---------+---------+-------+---------

Table legend:
 A = Turns spent in this place as a percentage of turns spent in the entire game.
 B = Non-inter-level travel turns spent in this place as a percentage of non-inter-level travel turns spent in the entire game.
 C = Inter-level travel turns spent in this place as a percentage of turns spent in this place.
 D = Turns resting spent in this place as a percentage of non-inter-level travel turns spent in this place.
 E = Turns spent auto-exploring this place as a percentage of non-inter-level travel turns spent in this place.
 F = Non-inter-level travel turns spent in this place divided by the number of levels of this place that you've seen.
                   A       B       C       D       E      F
               +-------+-------+-------+-------+-------+----------------------
         Total | 100.0 | 100.0 |   1.1 |   0.0 |   0.0 | 274.4
       Dungeon | 100.0 | 100.0 |   1.1 |   0.0 |   0.0 | 274.4
               +-------+-------+-------+-------+-------+----------------------

Table legend:
 A = Kills in this place as a percentage of kills in entire the game.
 B = Kills by you in this place as a percentage of kills by you in the entire game.
 C = Kills by friends in this place as a percentage of kills by friends in the entire game.
 D = Other kills in this place as a percentage of other kills in the entire game.
 E = Experience gained in this place as a percentage of experience gained in the entire game.
 F = Experience gained in this place divided by the number of levels of this place that you have seen.
                   A       B       C       D       E      F
               +-------+-------+-------+-------+-------+----------------------
         Total | 100.0 | 100.0 | 100.0 |   N/A | 100.0 | 263.9
       Dungeon | 100.0 | 100.0 | 100.0 |   N/A | 100.0 | 263.9
               +-------+-------+-------+-------+-------+----------------------

Vault maps used:
D:1:      dpeg_arrival_orchard
D:2:      nicolae_ru_awakened_eye, gammafunk_temple_overflow_elements,
          elyvilon_altar_4
D:3:      zin_purify, first_bread, uniq_natasha
D:4:      temple_pool_b
D:5:      lemuel_crystal_altar
D:7:      doesnt_xom_only_xom
D:8:      marbit_many_paths, minmay_lair_entry_lava, serial_shops, shop,
          hangedman_ranch, uniq_maurice
